[Event "Titled Tuesday Blitz February 28 Late 2023"]
[White "Berezin, Viktor"]
[Black "Yoo, Christopher Woojin"]
[WhiteFideId "14107872"]
[BlackFideId "30909694"]
[WhiteElo "2310"]
[BlackElo "2519"]
[Result "0-1"]
[Round "06"]
[TimeControl "180+2"]
[Date "2023.02.28"]
[WhiteClock "0:00:04"]
[BlackClock "0:00:06"]

1. d4 Nf6 2. Nf3 e6 3. c4 b6 4. g3 Bb7 5. Bg2 Bb4+ 6. Nbd2 O-O 7. O-O d5 8. Ne5 Nbd7 9. Ndf3 dxc4 10. Nxc4 Be7 11. Bf4 c5 12. dxc5 Nxc5 13. Bd6 Nfe4 14. Bxe7 Qxe7 15. b4 Nc3 16. Qd6 Nxe2+ 17. Kh1 Qf6 18. bxc5 Bxf3 19. cxb6 Rad8 20. Qe5 Bxg2+ 21. Kxg2 Qxe5 22. Nxe5 axb6 23. Rfb1 Rd6 24. Nc4 Rc6 25. Nxb6 Nc3 26. Rb3 Ne4 27. Re1 f5 28. Re2 Rb8 29. Reb2 Kf7 30. a4 Rc1 31. Rd3 Nc5 32. Rd4 Ra1 33. Rdb4 Nd3 34. R4b3 Nxb2 35. Rxb2 e5 36. Rb4 Ke6 37. Kf3 g5 38. h4 Ra3+ 39. Ke2 g4 40. h5 f4 41. gxf4 exf4 42. Rb5 f3+ 43. Kd2 g3 44. fxg3 Rf8 45. Ke1 f2+ 46. Kf1 Ra1+ 0-1


[Site "https://www.chess.com"]

[Event "Titled Tuesday Blitz February 28 Late 2023"]
[White "Svane, Frederik"]
[Black "benny_aizenberg"]
[WhiteFideId "12923044"]
[WhiteElo "2502"]
[BlackElo "2586"]
[Result "1-0"]
[Round "06"]
[TimeControl "180+2"]
[Date "2023.02.28"]
[WhiteClock "0:00:35"]
[BlackClock "0:00:02"]

1. c4 f5 2. Nc3 Nf6 3. g3 g6 4. Bg2 Bg7 5. d4 O-O 6. Nf3 d6 7. O-O c6 8. b3 e5 9. dxe5 Ng4 10. Ba3 Nxe5 11. Nxe5 Bxe5 12. Rc1 Qa5 13. Bxd6 Rd8 14. c5 Bxc3 15. Qc2 Bf6 16. e4 fxe4 17. Rfe1 Na6 18. Bxe4 Kg7 19. h4 Bg4 20. f3 Bd7 21. h5 gxh5 22. Bxh7 Kh8 23. Qg6 Bd4+ 24. Kh1 Re8 25. Red1 Bg7 26. Qxh5 Re6 27. Bg6+ Kg8 28. Bf7# 1-0


[Site "https://www.chess.com"]

[Event "Titled Tuesday Blitz February 28 Late 2023"]
[White "Zhigalko, Sergei"]
[Black "Manelyuk, Daniil"]
[WhiteFideId "13502956"]
[BlackFideId "44173920"]
[WhiteElo "2626"]
[BlackElo "2259"]
[Result "1/2-1/2"]
[Round "06"]
[TimeControl "180+2"]
[Date "2023.02.28"]
[WhiteClock "0:00:03"]
[BlackClock "0:00:05"]

1. e4 c6 2. d4 d5 3. e5 Bf5 4. Nf3 e6 5. Be2 Nd7 6. O-O a6 7. Nbd2 h6 8. Re1 Ne7 9. Nf1 Be4 10. Ng3 Nf5 11. c3 Nxg3 12. hxg3 Be7 13. Be3 h5 14. Bd3 Bxd3 15. Qxd3 g5 16. b4 g4 17. Nh2 Bg5 18. a4 Nb6 19. f4 Bh6 20. f5 Nc4 21. Bxh6 Rxh6 22. f6 Kd7 23. Nf1 h4 24. Ne3 Nxe3 25. Qxe3 Qh8 26. Kf2 Rg8 27. Ke2 h3 28. Rg1 h2 29. Rh1 Qh7 30. Kd2 Rh5 31. Qe2 Qh6+ 32. Kc2 Qg6+ 33. Kb3 Qg5 34. b5 Rb8 35. Raf1 axb5 36. axb5 Qg6 37. Rf4 Rg5 38. Rxh2 Qb1+ 39. Qb2 Qd3 40. Rh7 Qxb5+ 41. Kc2 Qe2+ 42. Kc1 Qe1+ 43. Kc2 Qe2+ 44. Kc1 Qe1+ 45. Kc2 Qe2+ 1/2-1/2


[Site "https://www.chess.com"]

[Event "Titled Tuesday Blitz February 28 Late 2023"]
[White "Pinheiro, Iung Alicio de O."]
[Black "Ibarra Jerez, Jose Carlos"]
[WhiteFideId "2104350"]
[BlackFideId "2226332"]
[WhiteElo "2283"]
[BlackElo "2638"]
[Result "0-1"]
[Round "06"]
[TimeControl "180+2"]
[Date "2023.02.28"]
[WhiteClock "0:00:08"]
[BlackClock "0:00:17"]

1. e4 c5 2. Nf3 e6 3. d3 Nc6 4. g3 g6 5. Bg5 f6 6. Bd2 d5 7. exd5 exd5 8. Bg2 Bg7 9. O-O Nge7 10. c4 O-O 11. Nc3 d4 12. Ne4 b6 13. Bf4 g5 14. Nfxg5 fxg5 15. Nxg5 h6 16. Ne4 Bf5 17. Qh5 Bg6 18. Qh3 Qc8 19. Qh4 Nf5 20. Qg4 Kh7 21. a3 Qd7 22. h4 Rad8 23. Rae1 Nfe7 24. Qd1 Bf5 25. Nd6 Bg4 26. f3 Bh3 27. Ne4 Bxg2 28. Kxg2 Rxf4 29. gxf4 Nf5 30. Qd2 Rg8 31. Kf2 Qf7 32. Rh1 Ne3 33. Reg1 Qxf4 34. Ke2 Ne5 35. Rh3 Rf8 36. Ng5+ hxg5 37. hxg5+ Kg6 38. Rgg3 Rh8 39. Qe1 Rxh3 40. Rxh3 Qf5 41. Qh4 Qxd3+ 42. Kf2 Qf1+ 43. Kg3 Qxf3+ 0-1


[Site "https://www.chess.com"]

[Event "Titled Tuesday Blitz February 28 Late 2023"]
[White "Bernadskiy, Vitaliy"]
[Black "Karttunen, Mika"]
[WhiteFideId "14100371"]
[BlackFideId "502081"]
[WhiteElo "2488"]
[BlackElo "2396"]
[Result "1-0"]
[Round "06"]
[TimeControl "180+2"]
[Date "2023.02.28"]
[WhiteClock "0:01:54"]
[BlackClock "0:00:02"]

1. e4 c5 2. Nf3 Nc6 3. Bc4 e6 4. O-O a6 5. Re1 b5 6. Bf1 Bb7 7. c3 Nf6 8. a4 b4 9. d4 d5 10. exd5 Qxd5 11. c4 Qh5 12. d5 O-O-O 13. Ng5 Qxd1 14. Rxd1 Rd7 15. Nd2 Nd4 16. Ndf3 Nxf3+ 17. gxf3 h6 18. Ne4 Kd8 19. Bh3 Nxe4 20. fxe4 Be7 21. Be3 Rd6 22. Bxc5 b3 23. Bxd6 Bxd6 24. e5 Bxe5 25. dxe6+ Kc7 26. Rd7+ Kb8 27. e7 1-0


[Site "https://www.chess.com"]

[Event "Titled Tuesday Blitz February 28 Late 2023"]
[White "Melkumyan, Hrant"]
[Black "Di Nicolantonio, Lucas"]
[WhiteFideId "13302485"]
[BlackFideId "680460"]
[WhiteElo "2604"]
[BlackElo "2358"]
[Result "0-1"]
[Round "06"]
[TimeControl "180+2"]
[Date "2023.02.28"]
[WhiteClock "0:01:53"]
[BlackClock "0:01:14"]

1. e4 g6 2. d4 Bg7 3. Nc3 d6 4. Be3 a6 5. Qd2 b5 6. O-O-O Nd7 7. h4 h6 8. f4 h5 9. Nf3 Nh6 10. Ng5 Ng4 11. e5 Nb6 12. Bd3 Rb8 13. e6 Bxe6 14. Nxe6 fxe6 15. Bxg6+ Kd7 16. d5 Nc4 17. dxe6+ Kc8 18. Qd3 Ngxe3 19. Rd2 Nxd2 20. Qxe3 Nc4 21. Qd3 c6 22. Nd1 Qa5 23. a3 d5 24. f5 b4 25. a4 Qxa4 26. Kb1 b3 0-1


[Site "https://www.chess.com"]

[Event "Titled Tuesday Blitz February 28 Late 2023"]
[White "Yurovskykh, Oleksandr"]
[Black "Yuan, Qingyu"]
[WhiteFideId "14134020"]
[BlackFideId "8609772"]
[WhiteElo "2268"]
[BlackElo "2359"]
[Result "0-1"]
[Round "06"]
[TimeControl "180+2"]
[Date "2023.02.28"]
[WhiteClock "0:00:01"]
[BlackClock "0:00:11"]

1. d4 d5 2. Bf4 Nf6 3. e3 c5 4. c3 Nc6 5. Nd2 cxd4 6. exd4 Bf5 7. Ngf3 e6 8. Be2 Bd6 9. Bxd6 Qxd6 10. O-O h6 11. Re1 O-O 12. h3 a6 13. a4 Qc7 14. Nb3 Ne4 15. Nfd2 Qf4 16. Nxe4 Bxe4 17. Bd3 Bxd3 18. Qxd3 Rab8 19. Nc5 Qd6 20. a5 e5 21. Qg3 Qe7 22. Nd3 e4 23. f3 f5 24. Nc5 Rbe8 25. b4 Rf6 26. f4 Na7 27. Kf2 Nb5 28. Ke2 Qf7 29. Kd2 Rg6 30. Qf2 Nd6 31. Kc2 Nc4 32. Re2 Re7 33. Rg1 b6 34. axb6 Rxb6 35. Ra1 Ra7 36. Kc1 Qe8 37. Rea2 Kh7 38. Qe2 Qg6 39. g4 Qf6 40. Qg2 Qh4 41. Qh1 Qg3 42. Rc2 Qxf4+ 43. Kb1 a5 44. Qg2 Rf7 45. Qe2 axb4 46. cxb4 Rxb4+ 47. Ka2 Ra7+ 0-1


[Site "https://www.chess.com"]

[Event "Titled Tuesday Blitz February 28 Late 2023"]
[White "Cilek, Bora"]
[Black "Hambleton, Aman"]
[WhiteFideId "34502165"]
[BlackFideId "2606577"]
[WhiteElo "2108"]
[BlackElo "2511"]
[Result "0-1"]
[Round "06"]
[TimeControl "180+2"]
[Date "2023.02.28"]
[WhiteClock "0:00:32"]
[BlackClock "0:00:04"]

1. Nf3 b6 2. g3 Bb7 3. Bg2 e6 4. O-O Nf6 5. d4 c5 6. c4 cxd4 7. Qxd4 d6 8. Nc3 a6 9. Rd1 Nbd7 10. Ng5 Bxg2 11. Kxg2 Qc7 12. Nge4 Be7 13. Nxd6+ Bxd6 14. Qxd6 Qxd6 15. Rxd6 Ke7 16. Rd2 Rhc8 17. b3 b5 18. Ba3+ Ke8 19. Rad1 bxc4 20. Ne4 Nxe4 21. Rxd7 Nc5 22. Bxc5 Rxc5 23. bxc4 Rxc4 24. Rb7 Rc5 25. Rdd7 Rf5 26. e4 Rf6 27. e5 Rf5 28. g4 Rf4 29. Kg3 g5 30. h4 h6 31. hxg5 hxg5 32. a4 Kf8 33. a5 Rc8 34. Rdc7 Rxc7 35. Rxc7 Ra4 36. Rc5 Kg7 37. f3 Ra2 38. Kh3 Kg6 39. Kg3 Rd2 40. Rc6 Rd5 41. Rxa6 Rxe5 42. Ra8 Kf6 43. a6 Ra5 44. Kf2 Ke5 45. Rf8 f6 46. Ra8 Kf4 47. a7 Ra2+ 48. Ke1 Kxf3 49. Rf8 Rxa7 50. Rxf6+ Kxg4 51. Rxe6 Rf7 52. Ke2 Kg3 53. Rg6 g4 54. Rg8 Kh3 55. Rh8+ Kg2 56. Rg8 g3 0-1


[Site "https://www.chess.com"]

[Event "Titled Tuesday Blitz February 28 Late 2023"]
[White "Prem, Pranav"]
[Black "Dourerassou, Jonathan"]
[WhiteFideId "30901057"]
[BlackFideId "628050"]
[WhiteElo "1970"]
[BlackElo "2499"]
[Result "0-1"]
[Round "06"]
[TimeControl "180+2"]
[Date "2023.02.28"]
[WhiteClock "0:00:09"]
[BlackClock "0:00:36"]

1. d4 Nf6 2. c4 g6 3. Nc3 Bg7 4. e4 O-O 5. Nf3 d6 6. Be2 Nbd7 7. O-O c5 8. d5 a6 9. Nd2 b5 10. cxb5 axb5 11. Bxb5 Ba6 12. a4 Bxb5 13. Nxb5 Ne5 14. Qe2 c4 15. Nxc4 Nxc4 16. Qxc4 Qd7 17. Bd2 Rfc8 18. Qb4 Qg4 19. f3 Qh4 20. Rac1 Nd7 21. Bc3 Bh6 22. Qd4 Ne5 23. Ra1 Rc4 24. Qf2 Qxf2+ 25. Kxf2 Nd3+ 26. Ke2 Nf4+ 27. Kf2 Rcxa4 28. Ra3 Rxa3 29. bxa3 f6 30. Ra1 Nd3+ 31. Ke2 Nc5 32. Bb4 Nb3 33. Rd1 Kf7 34. Nd4 Nc1+ 35. Kf2 Na2 36. Nc6 Nxb4 37. axb4 Ra2+ 38. Kg3 Rb2 39. Ra1 f5 40. Ra7 Bg5 41. f4 Bf6 42. e5 dxe5 43. fxe5 Rb3+ 44. Kf2 Bg5 45. d6 Be3+ 46. Ke2 Bxa7 47. Nxa7 exd6 48. exd6 Ke6 49. b5 Kxd6 50. Kf2 Kc5 51. Nc6 Rxb5 52. Nd8 Kd5 53. Nf7 0-1


[Site "https://www.chess.com"]

[Event "Titled Tuesday Blitz February 28 Late 2023"]
[White "Bilych, Olexiy"]
[Black "Pham, Khoi"]
[WhiteFideId "14156504"]
[BlackFideId "1054988"]
[WhiteElo "2320"]
[BlackElo "2557"]
[Result "1-0"]
[Round "06"]
[TimeControl "180+2"]
[Date "2023.02.28"]
[WhiteClock "0:00:15"]
[BlackClock "0:00:14"]

1. d4 Nf6 2. c4 g6 3. f3 Bg7 4. e4 d6 5. Nc3 O-O 6. Be3 a6 7. Qd2 Nbd7 8. Bd3 c5 9. d5 b5 10. cxb5 Qa5 11. Nge2 Ne5 12. O-O c4 13. Bc2 axb5 14. a4 b4 15. Nb5 Ba6 16. Ned4 Rfc8 17. Rfc1 c3 18. bxc3 bxc3 19. Qe2 Nfd7 20. f4 Nc4 21. Nc6 Rxc6 22. dxc6 Ndb6 23. Rab1 Nxe3 24. Qxe3 Nxa4 25. Bxa4 Qxa4 26. Nxc3 Bd4 27. Nxa4 Bxe3+ 28. Kh1 Bxc1 29. Rxc1 Bc8 30. Nb6 Rb8 31. Nd5 Kf8 32. h3 e6 33. Nf6 Ke7 34. Nxh7 f6 35. e5 dxe5 36. fxe5 fxe5 37. Ng5 Ba6 38. Rc5 Kd6 39. Ne4+ Kc7 40. Rxe5 Kxc6 41. Rxe6+ Kd5 42. Rxa6 Kxe4 43. Rxg6 Kf5 44. Rg4 Rb1+ 45. Kh2 Rb3 46. Rg3 Rb8 47. Rg4 Rb3 48. Rg8 Kf6 49. h4 Kf7 50. Rg5 Ra3 51. g3 Ra4 52. Kh3 Ra6 53. h5 Kf6 54. Kh4 Ra4+ 55. g4 Ra1 56. Rg6+ Kf7 57. Rb6 Kg7 58. h6+ Kh7 59. Kh5 Kh8 60. g5 Ra8 61. Rb7 Rc8 62. Rd7 Ra8 63. g6 Ra5+ 64. Kg4 Ra4+ 65. Kf5 Ra8 66. Ke6 Re8+ 67. Kf7 Rf8+ 68. Ke7 Rg8 69. Rd8 Rxd8 70. Kxd8 Kg8 71. Ke7 Kh8 72. Kf6 Kg8 73. g7 Kh7 74. Kf7 Kxh6 75. g8=Q Kh5 76. Qg3 Kh6 77. Qh4# 1-0


[Site "https://www.chess.com"]

[Event "Titled Tuesday Blitz February 28 Late 2023"]
[White "Nasuta, Grzegorz"]
[Black "Tologon tegin, Semetei"]
[WhiteFideId "1141686"]
[BlackFideId "13800574"]
[WhiteElo "2449"]
[BlackElo "2247"]
[Result "1-0"]
[Round "06"]
[TimeControl "180+2"]
[Date "2023.02.28"]
[WhiteClock "0:00:55"]
[BlackClock "0:00:23"]

1. e4 c6 2. d4 d5 3. Nc3 dxe4 4. Nxe4 Bf5 5. Ng3 Bg6 6. Nh3 e6 7. Nf4 Bd6 8. Ngh5 Bxf4 9. Nxf4 Nf6 10. Be2 Nbd7 11. O-O O-O 12. Nxg6 hxg6 13. Bf4 Qb6 14. b3 Rad8 15. c4 Rfe8 16. Be3 Qc7 17. f4 c5 18. Qe1 cxd4 19. Bxd4 Nc5 20. Rd1 b6 21. Bf3 Rd7 22. Be5 Qc8 23. Rxd7 Qxd7 24. Qd1 Qc8 25. Qe2 Rd8 26. Rd1 Rxd1+ 27. Qxd1 Ncd7 28. Bd6 Nc5 29. Qd4 Ncd7 30. g3 Ne8 31. Be7 Nef6 32. Kg2 Nb8 33. Qd8+ Qxd8 34. Bxd8 Kf8 35. Bc7 1-0


[Site "https://www.chess.com"]

[Event "Titled Tuesday Blitz February 28 Late 2023"]
[White "Janaszak, Dawid"]
[Black "Bashirli, Nail"]
[WhiteFideId "1119206"]
[BlackFideId "13406809"]
[WhiteElo "2220"]
[BlackElo "2336"]
[Result "1-0"]
[Round "06"]
[TimeControl "180+2"]
[Date "2023.02.28"]
[WhiteClock "0:00:10"]
[BlackClock "0:00:04"]

1. e4 Nf6 2. e5 Nd5 3. d4 d6 4. Nf3 g6 5. c4 Nb6 6. Nc3 Bg7 7. exd6 cxd6 8. a4 O-O 9. a5 N6d7 10. Be2 Nf6 11. h3 Nc6 12. a6 bxa6 13. O-O Rb8 14. Qa4 Nb4 15. Bf4 Bd7 16. Qd1 Bf5 17. Qd2 Ne4 18. Nxe4 Bxe4 19. Ra4 a5 20. Rc1 Nc6 21. Be3 Rb4 22. Ra2 Qb8 23. Ng5 Bf5 24. Bf3 Rc8 25. Bd5 e6 26. Bxc6 Rxc6 27. g4 h6 28. gxf5 hxg5 29. fxg6 Rbxc4 30. gxf7+ Kxf7 31. Rxc4 Rxc4 32. Qxa5 Bxd4 33. Bxd4 Rxd4 34. Qxg5 Rd5 35. Qe3 a5 36. Ra4 Rf5 37. Rf4 Qb5 38. Rxf5+ Qxf5 39. Qa7+ Kg6 40. Qb8 Qb1+ 41. Kh2 Qd3 42. Qg8+ Kf6 43. Qf8+ Ke5 44. Qg7+ Kd5 45. Qg5+ e5 46. Qg8+ Kc5 47. Qc8+ Kb4 48. Qb8+ Ka4 49. Qb7 Qd4 50. Kg2 Qc4 51. Qd7+ Kb3 52. Qb7+ Kc2 53. Qb6 a4 54. Qxd6 Qe4+ 55. f3 Qe2+ 56. Kg3 Qe1+ 57. Kg2 Qe2+ 58. Kg3 Kxb2 59. Qb4+ Kc1 60. Qxa4 Qe1+ 61. Kg2 Qd2+ 62. Kg3 Qg5+ 63. Kf2 Qd2+ 64. Kf1 Qc3 65. Qe4 Qc5 66. h4 Kd2 67. Kg2 Qe7 68. Kh3 Qe6+ 69. Qg4 Qf6 70. Qg5+ Qxg5 71. hxg5 Kd3 72. g6 e4 73. fxe4 Ke2 74. g7 1-0


[Site "https://www.chess.com"]

[Event "Titled Tuesday Blitz February 28 Late 2023"]
[White "Oro, Faustino"]
[Black "Nefedov, Sergey"]
[WhiteFideId "20000197"]
[BlackFideId "24113417"]
[WhiteElo "1984"]
[BlackElo "2227"]
[Result "1-0"]
[Round "06"]
[TimeControl "180+2"]
[Date "2023.02.28"]
[WhiteClock "0:00:08"]
[BlackClock "0:00:05"]

1. e4 d5 2. exd5 Qxd5 3. Nc3 Qd8 4. d4 Nf6 5. Nf3 g6 6. Bc4 Bg7 7. O-O O-O 8. Re1 a6 9. Bb3 b5 10. Ne5 Bb7 11. Bg5 Nbd7 12. Qe2 e6 13. Rad1 Nb6 14. Nxf7 Rxf7 15. Bxe6 Qd6 16. Qe5 Ne4 17. Bxf7+ Kxf7 18. Qxd6 Nxd6 19. Re7+ Kg8 20. Rxc7 Rc8 21. Rxc8+ Nbxc8 22. b3 Nf5 23. Ne2 b4 24. f3 h6 25. Bf4 g5 26. Be5 Nce7 27. c3 bxc3 28. Nxc3 Kf7 29. Bxg7 Kxg7 30. Kf2 Kf7 31. d5 Nd6 32. Ne4 Nec8 33. Ke3 Ke7 34. Kd4 Nb6 35. Nc3 Nd7 36. Re1+ Kd8 37. Re6 Kc7 38. Re1 Nf5+ 39. Kd3 Kd6 40. Ke4 Ne7 41. Rd1 Nxd5 42. Nxd5 Nf6+ 43. Kf5 Nxd5 44. Kg6 Ke5 45. Kxh6 Ne3 46. Re1 Kf4 47. Rxe3 Kxe3 48. Kxg5 Kf2 49. h4 Kxg2 50. f4 Kf3 51. h5 Bd5 52. h6 Ke4 53. f5 Bg8 54. Kg6 Ke5 55. f6 Ke6 56. Kg7 Bf7 57. h7 Be8 58. h8=Q 1-0


[Site "https://www.chess.com"]

[Event "Titled Tuesday Blitz February 28 Late 2023"]
[White "Costachi, Mihnea"]
[Black "Sztokbant, Bernardo Vainzoff"]
[WhiteFideId "1217518"]
[BlackFideId "2115956"]
[WhiteElo "2456"]
[BlackElo "2222"]
[Result "1-0"]
[Round "06"]
[TimeControl "180+2"]
[Date "2023.02.28"]
[WhiteClock "0:01:25"]
[BlackClock "0:00:09"]

1. Nc3 Nc6 2. d4 d5 3. e4 dxe4 4. d5 Ne5 5. Nxe4 Nf6 6. Nxf6+ exf6 7. Nf3 Bd6 8. Be2 O-O 9. O-O Re8 10. c4 Bf5 11. h3 Qd7 12. Nxe5 Bxe5 13. Bg4 Rad8 14. Qf3 Bxg4 15. hxg4 b5 16. cxb5 Qxb5 17. Rd1 c6 18. a4 Qc4 19. dxc6 Qxc6 20. Be3 Qxf3 21. gxf3 a6 22. Rxd8 Rxd8 23. Rb1 Rd3 24. b4 Ra3 25. b5 Rxa4 26. b6 g5 27. b7 Kg7 28. b8=Q Bxb8 29. Rxb8 Rc4 30. Rb6 a5 31. Rd6 a4 32. Bd4 a3 33. Bxf6+ Kg6 34. Bh8+ 1-0


[Site "https://www.chess.com"]

[Event "Titled Tuesday Blitz February 28 Late 2023"]
[White "Tan, Zhongyi"]
[Black "Krishnan, Varun"]
[WhiteFideId "8603642"]
[BlackFideId "5054508"]
[WhiteElo "2519"]
[BlackElo "2542"]
[Result "1-0"]
[Round "06"]
[TimeControl "180+2"]
[Date "2023.02.28"]
[WhiteClock "0:00:08"]
[BlackClock "0:00:02"]

1. d4 Nf6 2. c4 e6 3. Nc3 Bb4 4. e3 d5 5. a3 Bxc3+ 6. bxc3 O-O 7. cxd5 exd5 8. Bd3 b6 9. Ne2 Bb7 10. O-O Nbd7 11. f3 c5 12. Ng3 Re8 13. Ra2 Nf8 14. Re2 Qc7 15. e4 cxd4 16. cxd4 dxe4 17. fxe4 Ne6 18. d5 Nc5 19. Bb2 Ng4 20. Bb5 Red8 21. Qd4 f6 22. Qc3 Rac8 23. h3 Ne5 24. Nh5 a6 25. Bc4 Na4 26. Nxf6+ gxf6 27. d6+ Qxc4 28. Qg3+ Ng6 29. Rxf6 Bxe4 30. d7 Rxd7 31. Qg4 Rd1+ 32. Kh2 Nxb2 33. Rxe4 Qc7+ 34. Ref4 Rd4 35. Rxg6+ hxg6 36. Qxg6+ Qg7 37. Qe6+ Kh7 38. Rf7 1-0


[Site "https://www.chess.com"]

[Event "Titled Tuesday Blitz February 28 Late 2023"]
[White "Wieczorek, Oskar"]
[Black "WindWhistler11"]
[WhiteFideId "1133950"]
[WhiteElo "2418"]
[BlackElo "2536"]
[Result "1-0"]
[Round "06"]
[TimeControl "180+2"]
[Date "2023.02.28"]
[WhiteClock "0:00:14"]
[BlackClock "0:00:02"]

1. e4 e6 2. d4 d5 3. Nd2 Nf6 4. e5 Nfd7 5. f4 c5 6. c3 Nc6 7. Ndf3 Rb8 8. Bd3 b5 9. a3 Be7 10. Ne2 g6 11. O-O a5 12. Kh1 c4 13. Bc2 b4 14. axb4 axb4 15. g4 b3 16. Bb1 h5 17. gxh5 Rxh5 18. Ng3 Rh8 19. Ng5 Nf8 20. Qg4 Bd7 21. Kg2 Ra8 22. Rxa8 Qxa8 23. Qe2 Bd8 24. Be3 Ne7 25. Qf3 Nf5 26. Bxf5 gxf5 27. Nh5 Ng6 28. Kh1 Qa2 29. Qe2 Be7 30. Nf6+ Bxf6 31. exf6 Nf8 32. Qg2 Rh4 33. Nxf7 Rg4 34. Nd6+ Kd8 35. Qf2 Be8 36. Nb7+ Kc7 37. Nc5 Bf7 38. h3 Rg6 39. Kh2 Nd7 40. Nxd7 Kxd7 41. Rg1 Rxg1 42. Kxg1 Qb1+ 43. Kh2 Ke8 44. Qh4 Qc2+ 45. Kg3 Qd1 46. Qh8+ Kd7 47. Qf8 Bh5 48. Qe7+ Kc6 49. Qxe6+ Kc7 50. Qe7+ Kb6 51. Qc5+ Ka6 52. Qc6+ Ka7 53. Qd7+ Ka6 54. Qxf5 Qf3+ 55. Kh4 Bf7 56. Qe5 Qxf4+ 57. Bxf4 1-0


[Site "https://www.chess.com"]

[Event "Titled Tuesday Blitz February 28 Late 2023"]
[White "Taboas Rodriguez, Daniel"]
[Black "Jaracz, Pawel"]
[WhiteFideId "2208466"]
[BlackFideId "1102222"]
[WhiteElo "2365"]
[BlackElo "2438"]
[Result "0-1"]
[Round "06"]
[TimeControl "180+2"]
[Date "2023.02.28"]
[WhiteClock "0:01:21"]
[BlackClock "0:01:07"]

1. d4 Nf6 2. Nf3 c5 3. d5 d6 4. c4 Bg4 5. Qa4+ Nbd7 6. Nbd2 a6 7. e4 g6 8. Bd3 Bg7 9. h3 Bxf3 10. Nxf3 O-O 11. O-O Ne8 12. Qc2 Nc7 13. a4 b5 14. axb5 axb5 15. Rxa8 Qxa8 16. b3 Na6 17. Bg5 Nb4 18. Qd2 bxc4 19. Bxc4 Bf6 20. Bxf6 exf6 21. Re1 Kg7 22. h4 h5 23. Nh2 Re8 24. g4 hxg4 25. Nxg4 Rh8 26. Qf4 Rxh4 27. Qg3 Qh8 28. Bf1 Ne5 29. Nxe5 fxe5 30. Bg2 Qh5 31. Ra1 Rg4 32. Qh2 Rh4 33. Qg3 Nc2 0-1


[Site "https://www.chess.com"]

[Event "Titled Tuesday Blitz February 28 Late 2023"]
[White "Koc, Przemyslaw"]
[Black "Adewumi, Tanitoluwa"]
[WhiteFideId "1109081"]
[BlackFideId "30966396"]
[WhiteElo "2161"]
[BlackElo "2675"]
[Result "1-0"]
[Round "06"]
[TimeControl "180+2"]
[Date "2023.02.28"]
[WhiteClock "0:00:39"]
[BlackClock "0:00:01"]

1. Nf3 d5 2. e3 Nf6 3. d4 Bf5 4. c4 e6 5. Qb3 b6 6. Nc3 c6 7. Nh4 Bg4 8. h3 Bh5 9. g4 Bg6 10. Nxg6 hxg6 11. Bg2 Nbd7 12. Bd2 Qc8 13. Rc1 Qa6 14. cxd5 exd5 15. e4 Be7 16. exd5 cxd5 17. Nxd5 Nxd5 18. Qxd5 Rd8 19. Bf1 b5 20. Bxb5 Qb6 21. Rc6 Qb8 22. Qe4 O-O 23. O-O Nf6 24. Qxe7 Qxb5 25. Rxf6 gxf6 26. Qxf6 Qxb2 27. Be3 Rfe8 28. h4 Qb6 29. Qf4 Qe6 30. Rc1 Qe4 31. Qg3 Rd7 32. a4 Rde7 33. Rc5 Rd7 34. h5 gxh5 35. gxh5+ Kh7 36. Rg5 f6 37. Rg6 Qb1+ 38. Kh2 Rxe3 39. Qxe3 Qb8+ 40. Kh3 1-0


[Site "https://www.chess.com"]

[Event "Titled Tuesday Blitz February 28 Late 2023"]
[White "Martinez Reyes, Pedro Ramon"]
[Black "Matinian, Nikita"]
[WhiteFideId "3901807"]
[BlackFideId "24129100"]
[WhiteElo "2340"]
[BlackElo "2422"]
[Result "0-1"]
[Round "06"]
[TimeControl "180+2"]
[Date "2023.02.28"]
[WhiteClock "0:00:05"]
[BlackClock "0:00:23"]

1. d4 Nf6 2. c4 g6 3. Nc3 Bg7 4. e4 d6 5. Bd3 Nc6 6. Nge2 O-O 7. O-O Nd7 8. Be3 e5 9. d5 Nd4 10. Nb5 Nxe2+ 11. Qxe2 f5 12. f3 b6 13. exf5 gxf5 14. f4 a6 15. Nc3 e4 16. Bc2 Nf6 17. h3 Qe7 18. Kh2 Bd7 19. g3 Rae8 20. Rg1 h5 21. Rg2 Kf7 22. Rag1 Rh8 23. Rf2 Rh6 24. Kg2 h4 25. Kf1 Nh5 26. gxh4 Qxh4 27. Ke1 Bf6 28. Kd2 Ng3 29. Qe1 Qxh3 30. Rfg2 Nh5 31. Bd1 Reh8 32. Qf2 Ng7 33. Be2 b5 34. Rg3 Qh4 35. Qg2 R8h7 36. Bf2 Qxf4+ 37. Be3 Qe5 38. Bxh6 Rxh6 39. Rg6 Rh7 40. cxb5 axb5 41. a3 e3+ 42. Kc2 f4 43. Bd3 Bf5 44. Bxf5 Qxf5+ 45. Qe4 Rh2+ 46. Kb3 Rxb2+ 47. Kxb2 Bxc3+ 48. Kxc3 Qxe4 49. Rxg7+ Kf6 0-1


[Site "https://www.chess.com"]

[Event "Titled Tuesday Blitz February 28 Late 2023"]
[White "Fiorito, Francisco"]
[Black "Mendez Fortes, Eduardo Jesus"]
[WhiteFideId "180165"]
[BlackFideId "3502376"]
[WhiteElo "2341"]
[BlackElo "2307"]
[Result "1-0"]
[Round "06"]
[TimeControl "180+2"]
[Date "2023.02.28"]
[WhiteClock "0:01:11"]
[BlackClock "0:00:04"]

1. d4 Nf6 2. Nc3 d5 3. Bf4 a6 4. e3 e6 5. g4 b5 6. g5 Nfd7 7. Bg2 Bb7 8. Nge2 Bd6 9. h4 Bxf4 10. Nxf4 c5 11. Qg4 Qe7 12. O-O O-O 13. h5 b4 14. Nce2 Qd6 15. g6 Nf6 16. gxf7+ Kxf7 17. Qg5 Nbd7 18. Bh3 Rae8 19. Kh1 Ne4 20. Qg2 e5 21. Nd3 exd4 22. Rg1 Re7 23. exd4 Kg8 24. f4 c4 25. Ne5 Nxe5 26. fxe5 Qh6 27. Raf1 Ref7 28. Rxf7 Rxf7 29. Bg4 Rf2 30. Qh3 Rxe2 31. Be6+ Kh8 32. Qh4 Nf2+ 33. Kg2 Ne4+ 34. Kh1 Qxe6 35. Rf1 h6 36. Kg1 1-0


[Site "https://www.chess.com"]

[Event "Titled Tuesday Blitz February 28 Late 2023"]
[White "Martic, Ivan"]
[Black "Skvortsov, Andrei"]
[WhiteFideId "929301"]
[BlackFideId "24108600"]
[WhiteElo "2360"]
[BlackElo "2259"]
[Result "0-1"]
[Round "06"]
[TimeControl "180+2"]
[Date "2023.02.28"]
[WhiteClock "0:00:35"]
[BlackClock "0:00:31"]

1. e4 c5 2. Nf3 d6 3. d4 Nf6 4. Nc3 cxd4 5. Nxd4 g6 6. Be3 Bg7 7. f3 O-O 8. Qd2 d5 9. e5 Ne8 10. f4 f6 11. Nf3 fxe5 12. Nxe5 Nf6 13. O-O-O Nc6 14. Nxd5 Nxd5 15. Qxd5+ Qxd5 16. Rxd5 Nxe5 17. fxe5 Be6 18. Rb5 Rxf1+ 19. Rxf1 Bc4 20. Rxb7 Bxf1 21. Rxe7 Bxg2 22. Bxa7 Bh6+ 23. Kd1 Bf8 24. Rc7 Bg7 25. e6 Be5 26. Re7 Bd5 27. b3 Bf6 28. Rf7 Bg5 29. Bd4 Bh6 30. Re7 Bf8 31. Ra7 Rxa7 32. Bxa7 Bd6 33. Bg1 Bxe6 34. c4 Bb4 35. a4 Kf7 36. Bb6 Ke7 37. a5 Bc8 38. Bc7 Kd7 39. Bb6 Kc6 40. Ke2 Bd6 41. Kd3 Bxh2 42. b4 Bc7 43. b5+ Kb7 44. c5 Bxb6 45. axb6 h5 46. Ke4 h4 47. Kf4 g5+ 48. Kf3 Bd7 49. c6+ Bxc6+ 50. bxc6+ Kxb6 51. Kg4 Kxc6 52. Kxg5 h3 0-1


[Site "https://www.chess.com"]

[Event "Titled Tuesday Blitz February 28 Late 2023"]
[White "Alikhanov, Felix"]
[Black "Sadovsky, Artem"]
[WhiteFideId "4157427"]
[BlackFideId "4155840"]
[WhiteElo "2425"]
[BlackElo "2314"]
[Result "1-0"]
[Round "06"]
[TimeControl "180+2"]
[Date "2023.02.28"]
[WhiteClock "0:00:16"]
[BlackClock "0:00:26"]

1. e4 g6 2. d4 Bg7 3. Nc3 c6 4. f4 d5 5. e5 h5 6. Nf3 Nh6 7. Be3 Bg4 8. Be2 Nf5 9. Bf2 e6 10. O-O Bf8 11. h3 Bxf3 12. Bxf3 h4 13. Qd2 Be7 14. Ne2 Nd7 15. b3 a5 16. c4 Kf8 17. Rfc1 Kg7 18. Rc2 a4 19. Rb1 axb3 20. Rxb3 Ra7 21. c5 Qc7 22. Rcb2 Rha8 23. Bg4 Nf8 24. Bxf5 gxf5 25. Kh2 Ng6 26. Ng1 Qa5 27. Qc1 Qa6 28. Nf3 Qc4 29. Rc2 Qa4 30. Qe1 Qa5 31. Qb1 Nxf4 32. Bxh4 Bxh4 33. Nxh4 Qd8 34. Qe1 Rxa2 35. Rxa2 Rxa2 36. Qg3+ Ng6 37. Nxg6 fxg6 38. Rxb7+ Kh6 39. h4 Kh5 40. Rh7# 1-0


[Site "https://www.chess.com"]